 Dungeon Crawl Stone Soup version 0.29.1-2-gbd0b4ee654 (webtiles) character file.

Game seed: 7246153027829174771

1346 Linkola the Thaumaturge (level 8, -9/41 HPs)
             Began as a Deep Elf Air Elementalist on Nov 27, 2022.
             Was an Initiate of Vehumet.
             Mangled by Maggie
             ... wielding a +1 vorpal long sword
              (12 damage)
             ... on level 6 of the Dungeon.
             The game lasted 00:18:49 (7269 turns).

Linkola the Thaumaturge (Deep Elf Air Elementalist) Turns: 7269, Time: 00:18:49

Health: -9/41      AC:  3    Str:  5    XL:     8   Next: 36%
Magic:  1/22       EV: 13    Int: 29    God:    Vehumet [......]
Gold:   358        SH:  0    Dex: 15    Spells: 14/24 levels left

rFire   + . .      SeeInvis .   p - +2 quarterstaff (chaos)
rCold   . . .      Faith    .   (shield currently unavailable)
rNeg    . . .      Spirit   .   a - +0 robe
rPois   .          Reflect  .   (no helmet)
rElec   .          Harm     .   q - +0 cloak
rCorr   .          Rampage  .   (no gloves)
Will    .....                   (no boots)
Stlth   +++.......              (no amulet)
HPRegen 0.13/turn               e - +6 ring of intelligence
MPRegen 0.18/turn               h - ring of protection from fire

@: mesmerised
A: no striking features
a: Renounce Religion


You were on level 6 of the Dungeon.
You worshipped Vehumet.
Vehumet was noncommittal.
You visited 2 branches of the dungeon, and saw 7 of its levels.

You collected 358 gold pieces.

Inventory:

Hand Weapons
 l - a +3 vampiric flail
 p - a +2 quarterstaff of chaos (weapon)
Armour
 a - a +0 robe (worn)
 q - a +0 cloak (worn)
Jewellery
 e - a +6 ring of intelligence (left hand)
 h - a ring of protection from fire (right hand)
Wands
 i - a wand of mindburst (16)
 o - a wand of digging (5)
Scrolls
 j - a scroll of summoning {unknown}
 n - a scroll of teleportation
 r - a scroll of torment {unknown}
Potions
 b - 2 potions of magic
 c - 6 potions of curing
 d - a potion of heal wounds
 f - 3 potions of degeneration {unknown}
 g - 2 potions of mutation {unknown}
 k - a potion of flight {unknown}
 m - a potion of attraction {unknown}


   Skills:
 + Level 0.1 Fighting
 + Level 3.3 Dodging
 + Level 4.4 Stealth
 + Level 0.2 Unarmed Combat
 + Level 8.8 Spellcasting
 + Level 4.4 Conjurations
 + Level 6.6 Air Magic


You had 14 spell levels left.
You knew the following spells:

 Your Spells              Type           Power      Damage    Failure   Level
a - Shock                 Conj/Air       100%       1d9       1%          1
b - Static Discharge      Conj/Air       44%        3-9/arc   1%          2
c - Swiftness             Air            51%        N/A       1%          3
d - Airstrike             Air            25%        2d(4-20)  2%          4

Your spell library contained the following spells:

 Spells                   Type           Power      Damage    Failure   Level
 Beastly Appendage        Tmut           24%        N/A       4%          1
 Wereblood                Tmut           12%        N/A       6%          2
 Spider Form              Tmut/Pois      12%        N/A       13%         3


Dungeon Overview and Level Annotations

Branches:
Dungeon (6/15)             Temple (1/1) D:4

Altars:
Ashenzari
Cheibriados
Elyvilon
Vehumet
Xom
The Shining One

Shops:
D:4 *

Annotations:
D:6 Maggie


Message History

Casting: Airstrike (dangerous; 2% risk of failure)
Confirm with . or Enter, or press ? or * to list all spells.
Aiming: Airstrike (dangerous; 2% risk of failure)
Press: ? - help, Dir - move target, f/p - Maggie
Aim: Maggie, wielding a +1 vorpal long sword and wearing +0 swamp dragon scales (severely wounded, mesmerising, empty space bonus: 6/8)
The air twists around and strikes Maggie!
Maggie is almost dead.
Maggie drinks a potion.
Maggie is healed!
Casting: Airstrike (dangerous; 2% risk of failure)
Confirm with . or Enter, or press ? or * to list all spells.
Aiming: Airstrike (dangerous; 2% risk of failure)
Press: ? - help, Dir - move target, f/p - Maggie
Aim: Maggie, wielding a +1 vorpal long sword and wearing +0 swamp dragon scales (heavily wounded, mesmerising, empty space bonus: 6/8)
The air twists around and strikes Maggie.
Maggie is heavily wounded.
Casting: Airstrike (dangerous; 2% risk of failure)
Confirm with . or Enter, or press ? or * to list all spells.
Aiming: Airstrike (dangerous; 2% risk of failure)
Press: ? - help, Dir - move target, f/p - Maggie
Aim: Maggie, wielding a +1 vorpal long sword and wearing +0 swamp dragon scales (heavily wounded, mesmerising, empty space bonus: 7/8)
The air twists around and strikes Maggie.
Maggie is heavily wounded.
You cannot move away from Maggie!
You cannot move away from Maggie!
You cannot move away from Maggie!
You don't have enough magic to cast this spell.
Unknown command.
You hit Maggie.
Maggie flickers and vanishes!
Deactivating autopickup; reactivate with Ctrl-A.
Something hits you but does no damage.
You hit something but do no damage. Something hits you.
* * * LOW HITPOINT WARNING * * *
x2 You hit something.
You hear some strange, mumbled words.
Something draws you further into its thrall.
You hit something but do no damage.
Nothing appears to happen.
You hear some strange, mumbled words.
Something draws you further into its thrall.
Something hits you!
You die...

##....?.#
##........
#.......#
##......##.
##......#...
##...........
##........#
#.....@{.#
##......###
##.....###
#...<###
#..### #.# ##


There were no monsters in sight!

Vanquished Creatures
  A black bear (D:5)
  2 centaurs (D:5)
  An ogre (D:4)
  A phantom (D:5)
  Blork the orc (D:4)
  3 scorpions (D:4)
  A necrophage (D:5)
  A hound (D:4)
  Crazy Yiuf (D:4)
  4 orc priests
  An iguana (D:5)
  Ijyb (D:5)
  2 orc wizards
  16 adders
  7 gnolls (D:5)
  4 shadow imps (D:5)
  A white imp (D:3)
  2 ufetubi
  A worm (D:3)
  4 dart slugs
  12 orcs
  7 bats
  4 endoplasms
  5 giant cockroaches
  8 goblins
  7 hobgoblins
  4 quokkas
  9 ball pythons
  5 frilled lizards
  6 kobolds
  7 rats
129 creatures vanquished.

Vanquished Creatures (others)
  4 plants (D:5)
4 creatures vanquished.

Grand Total: 133 creatures vanquished

Notes
Turn   | Place    | Note
-------+----------+-------------------------------------------
     0 | D:1      | Linkola the Deep Elf Air Elementalist began the quest for
                  | the Orb.
     0 | D:1      | Reached XP level 1. HP: 10/10 MP: 6/6
   424 | D:1      | Reached XP level 2. HP: 15/15 MP: 0/8
   612 | D:1      | Learned a level 2 spell: Static Discharge
  1173 | D:2      | Reached XP level 3. HP: 19/19 MP: 6/9
  1177 | D:2      | Learned a level 3 spell: Swiftness
  1917 | D:2      | Reached XP level 4. HP: 20/24 MP: 2/11
  2204 | D:2      | Found a faded altar of an unknown god.
  2425 | D:3      | Reached skill level 4 in Spellcasting
  2620 | D:3      | Learned a level 4 spell: Airstrike
  2732 | D:3      | Reached XP level 5. HP: 28/28 MP: 8/14
  2767 | D:3      | Reached skill level 5 in Spellcasting
  3213 | D:3      | Found a white marble altar of Elyvilon.
  3214 | D:3      | Found a glowing golden altar of the Shining One.
  3216 | D:3      | Found a snail-covered altar of Cheibriados.
  3602 | D:4      | Found a shimmering altar of Xom.
  3608 | D:4      | Found Emeul's Assorted Antiques.
  3616 | D:4      | Reached XP level 6. HP: 32/32 MP: 8/16
  3850 | D:4      | Reached skill level 6 in Spellcasting
  3850 | D:4      | Reached skill level 5 in Air Magic
  4022 | D:4      | Found a runed translucent door.
  4023 | D:4      | Noticed Crazy Yiuf
  4291 | D:4      | Found a staircase to the Ecumenical Temple.
  4342 | D:4      | Noticed Blork the orc
  4528 | D:4      | Reached XP level 7. HP: 36/36 MP: 11/18
  4872 | D:4      | Killed Crazy Yiuf
  4959 | D:5      | Entered Level 5 of the Dungeon
  5055 | D:5      | Reached skill level 7 in Spellcasting
  5340 | D:5      | Found a transporter.
  5368 | D:5      | Found a transporter.
  5402 | D:5      | Reached XP level 8. HP: 2/41 MP: 8/21
  5426 | D:5      | Reached skill level 8 in Spellcasting
  5546 | D:5      | Noticed Ijyb
  5566 | D:5      | Killed Ijyb
  6089 | D:5      | Found a broken altar of Ashenzari.
  6492 | D:4      | Killed Blork the orc
  6504 | Temple   | Entered the Ecumenical Temple
  6516 | Temple   | Became a worshipper of Vehumet
  7253 | D:6      | Noticed Maggie
  7267 | D:6      | HP: 2/41 [something (1)]
  7269 | D:6      | Mangled by Maggie

Illustrated notes

Levels and vault maps discovered:
D:1:      psy_arrival_spokes, layout_rooms
D:2:      layout_basic, shapermc_ecumenical_altar_acropolis
D:3:      layout_rooms, minitemple
D:4:      minmay_razor_zed, layout_basic,
          mainiacjoe_overflow_concentric_impassable,
          minmay_temple_entry_from_below_b, serial_shops, shop,
          uniq_crazy_yiuf_cottage, uniq_blork_the_orc
D:5:      gammafunk_wand_slinger, layout_basic, ashenzari_altar_1, uniq_ijyb
D:6:      cheibrodos_thug_alley, layout_cave_pods,
          nicolae_wu_jian_immortal_techniques, gammafunk_temple_overflow_claw,
          uniq_maggie, uniq_sigmund
Temple:   nicolae_temple_godpark

Skill      XL: |  1  2  3  4  5  6  7  8 |
---------------+-------------------------+-----
Air Magic      | 4 5 6 |  6.6
Dodging        | 3 |  3.3
Spellcasting   | 4 5 6 7 8 |  8.8
Conjurations   | 2 3 4 |  4.4
Stealth        | 3 4 |  4.4
Fighting       | |  0.1
Unarmed Combat | |  0.2

Action                   |  1- 3 |  4- 6 |  7- 9 || total
-------------------------+-------+-------+-------++-------
Melee: Unarmed           |    28 |       |       ||    28
       Punch             |     1 |       |       ||     1
       Quarterstaff      |       |       |    16 ||    16
 Cast: Shock             |    67 |   128 |    72 ||   267
       Static Discharge  |     6 |     6 |    14 ||    26
       Airstrike         |       |     1 |     8 ||     9
  Use: Scroll            |     2 |     7 |     1 ||    10
Armor: Robe              |    18 |     1 |     4 ||    23
Dodge: Dodged            |    36 |     7 |    18 ||    61
